 Dungeon Crawl Stone Soup version 0.32-a0-119-g2e8054a333 (webtiles) character file.

Game seed: 12108248699419716550

189893 seren the Mimic (level 17, -14/151 HPs)
             Began as a Demonspawn Shapeshifter on Feb 4, 2024.
             Was the Champion of Wu Jian.
             Blown up by an orb spider (63 damage)
             ... with an orb of destruction
             ... on level 4 of the Spider Nest on Feb 6, 2024.
             The game lasted 02:49:00 (33872 turns).

seren the Mimic (Demonspawn Shapeshifter)          Turns: 33872, Time: 02:49:01

Health: -14/151    AC: 16    Str: 22    XL:     17   Next: 52%
Magic:  20/20      EV: 25    Int: 15    God:    Wu Jian [******]
Gold:   2155       SH: 12    Dex: 18    Spells: 17/20 levels left

rFire   + .          .
                       - Unarmed
rCold   + . .        M - +5 buckler of Resourcefulness {Int+3 Dex+3}
rNeg    . . .        m - +0 leather armour "Tosuc" {rPois rF+ rC+ Str+3}
rPois   +            (helmet unavailable)
rElec   .            Y - +2 cloak
rCorr   .            s - +1 pair of gloves
SInv    +            j - +2 pair of boots
Will    +....        h - amulet of regeneration
Stlth   +            V - +5 ring of evasion
HPRegen 0.00/turn    f - +4 ring of protection
MPRegen 0.17/turn

%: no passive effects
@: inhibited regen
A: antennae 3, claws 2, foul stench 3, spiny 2, weakness stinger 2, robust 1,
inhibited regeneration
}: 1/15 runes: decaying
a: Renounce Religion, Wall Jump, Serpent's Lash, Heavenly Storm


You were on level 4 of the Spider Nest.
You worshipped Wu Jian.
Wu Jian was exalted by your worship.
You visited 6 branches of the dungeon, and saw 30 of its levels.
You also visited: Ossuary and Gauntlet.

You collected 2570 gold pieces.
You spent 415 gold pieces at shops.

Inventory:

Hand Weapons
 b - the +9 dagger of Qaolato {flame, +Blink rN+++ Int-2 Dex+4}
   (You found it on level 2 of the Swamp)

   Int-2:     It affects your intelligence (-2).
   Dex+4:     It affects your dexterity (+4).
   rN+++:     It renders you almost immune to negative energy.
   +Blink:    It lets you blink.
Missiles
 w - 39 poisoned darts
 I - 4 darts of dispersal
 W - 4 curare-tipped darts (quivered)
 X - 2 throwing nets {!f}
Armour
 j - a +2 pair of boots (worn)
 m - the +0 leather armour "Tosuc" (worn) {rPois rF+ rC+ Str+3}
   (You found it on level 2 of the Dungeon)

   Str+3:     It affects your strength (+3).
   rF+:       It protects you from fire.
   rC+:       It protects you from cold.
   rPois:     It protects you from poison
 s - a +1 pair of gloves (worn)
 M - the +5 buckler of Resourcefulness (worn) {Int+3 Dex+3}
   (You found it on level 13 of the Dungeon)

   Int+3:     It affects your intelligence (+3).
   Dex+3:     It affects your dexterity (+3).
 Y - a +2 cloak (worn)
 Z - the +0 ring mail of Pessimism {Str+2 Dex+3 Slay+5}
   (You found it on level 2 of the Swamp)

   Str+2:     It affects your strength (+2).
   Dex+3:     It affects your dexterity (+3).
   Slay+5:    It affects your accuracy & damage with ranged weapons and melee
   (+5).
Magical Staves
 J - a staff of air
Jewellery
 f - a +4 ring of protection (right hand)
 h - an amulet of regeneration (around neck)
 y - a ring of flight
 z - a ring of protection from cold
 F - a ring of poison resistance
 H - a ring of willpower
 L - a ring of protection from fire
 V - a +5 ring of evasion (left hand)
Talismans
 d - a flux talisman
 e - a maw talisman
 p - a serpent talisman
 U - a talisman of death
Wands
 a - a wand of digging (12)
 u - a wand of light (1)
 G - a wand of flame (10)
 K - a wand of charming (2)
 R - a wand of iceblast (28)
 T - a wand of polymorph (6)
Scrolls
 c - 5 scrolls of identify
 l - 5 scrolls of silence
 n - 9 scrolls of teleportation {!r}
 o - 2 scrolls of blinking {!r}
 t - 3 scrolls of fear
 E - 4 scrolls of poison
 N - a scroll of revelation
 O - 2 scrolls of fog
 S - 3 scrolls of butterflies
Potions
 g - 12 potions of curing
 q - 4 potions of heal wounds
 r - 7 potions of might
 v - a potion of cancellation
 x - 3 potions of haste
 A - 3 potions of enlightenment
 B - 5 potions of lignification
 C - a potion of magic
 D - 9 potions of ambrosia
 P - a potion of berserk rage
 Q - 3 potions of invisibility


   Skills:
 + Level 13.7 Fighting
 + Level 6.1 Armour
 + Level 12.9 Dodging
 - Level 10.0 Shields
 - Level 13.0 Unarmed Combat
 - Level 2.0 Spellcasting
 - Level 2.0 Hexes
 - Level 7.8 Evocations
 * Level 14.7 Shapeshifting


You had 17 spell levels left.
You knew the following spells:

 Your Spells              Type           Power      Damage    Failure   Level
a - Apportation           Tloc           2%         N/A       28%         1
b - Ensorcelled Hibernat  Hex/Ice        8%         N/A       28%         2

Your spell library contained the following spells:

 Spells                   Type           Power      Damage    Failure   Level
 Jinxbite                 Hex            14%        N/A       19%         2
 Shock                    Conj/Air       4%         1d3       28%         1
 Static Discharge         Conj/Air       2%         3-4/arc   41%         2
 Dazzling Flash           Conj/Hex       8%         N/A       50%         3
 Fugue of the Fallen      Necr           1%         N/A       65%         3
 Ozocubu's Armour         Ice            1%         N/A       65%         3
 Passwall                 Erth           1%         N/A       65%         3
 Swiftness                Air            1%         N/A       65%         3
 Volatile Blastmotes      Fire/Tloc      2%         2d10      65%         3
 Airstrike                Air            0%         2d(1-17)  96%         4
 Animate Dead             Necr           1%         N/A       96%         4
 Martyr's Knell           Necr/Summ      1%         N/A       96%         4
 Summon Lightning Spire   Summ/Air       1%         N/A       96%         4
 Metabolic Englaciation   Hex/Ice        2%         N/A       99%         5
 Yara's Violent Unravell  Hex/Alch       2%         3d3       99%         5
 Alistair's Intoxication  Alch           0%         N/A       100%        5
 Borgnjor's Vile Clutch   Necr/Erth      0%         N/A       100%        5
 Freezing Cloud           Conj/Ice/Air   0%         6-21      100%        5
 Death Channel            Necr           0%         N/A       100%        6
 Sculpt Simulacrum        Ice/Alch       0%         N/A       100%        6
 Starburst                Conj/Fire      0%         6d3       100%        6
 Enfeeble                 Hex            3%         N/A       100%        7
 Haunt                    Necr/Summ      0%         N/A       100%        7
 Borgnjor's Revivificati  Necr           0%         N/A       100%        8
 Infestation              Necr           0%         N/A       100%        8
 Maxwell's Capacitive Co  Air            0%         ∞         100%        8
 Death's Door             Necr           0%         N/A       100%        9


Dungeon Overview and Level Annotations

Branches:
Dungeon (14/15)            Temple (1/1) D:7            Lair (5/5) D:8
  Swamp (4/4) Lair:3       Spider (4/4) Lair:3        Slime (0/5) Lair:5
    Orc (2/2) D:11        Ossuary (visited)         Gauntlet (visited)
    Elf: Orc:2       Vaults: D:13-14

Altars:
Ashenzari
Cheibriados
Dithmenos
Fedhas
Gozag
Hepliaklqana
Kikubaaqudgha
Makhleb
Nemelex Xobeh
Okawaru
Qazlal
Ru
Sif Muna
Trog
Uskayaw
Vehumet
Wu Jian
Xom
Yredelemnul

Shops:
D:3 !   D:7 (

Annotations:
D:10 2 transporters
D:14 dangerous phantom !, 1 transporter, DubiousMove's ghost, journeyman HOMo; Qadyel's ghost, adept TeAE
Lair:5 2 transporters, Lurud's ghost, journeyman DsIE
Swamp:1 3 runed translucent doors, Upitte's ghost, adept OnHs
Swamp:4 3 runed translucent doors, exclusion: 3 doors, Tenar's ghost, adept DsCA
Spider:2 exclusion: spark wasp
Orc:1 exclusion: downstairs
Orc:2 Rupert


Innate Abilities, Weirdness & Mutations

You have a pair of large antennae on your head. (SInv)
You have very sharp fingernails.
You frequently emit foul miasma when damaged in melee.
You are mostly covered in sharp spines.
You have a tail ending in a sharp stinger.
You are robust. (+10% HP)
You do not regenerate when monsters are visible.


Message History

An orb of destruction comes into view.
You punch the culicivora!
The culicivora is heavily wounded.
The culicivora is engulfed in dark miasma.
The culicivora looks even sicker.
The culicivora misses you.
You spin and attack the culicivora.
You punch the culicivora!
The culicivora is almost dead.
You kill the culicivora!
The Council accepts your kill. The orb of destruction hits you!!!
* * * LOW HITPOINT WARNING * * *
The orb spider pulsates with a strange energy.
You lunge at the orb spider.
You punch the orb spider! You tail-slap the orb spider.
The orb spider is heavily wounded.
The orb spider spins a strand of pure energy.
You spin and attack the orb spider.
You closely miss the orb spider.
The orb spider is heavily wounded.
The orb spider weaves a glowing orb of energy. x2
The wavering orb of destruction weakly hits you!
* * * LOW HITPOINT WARNING * * *
An orb of destruction comes into view.
You pummel the orb spider!! You tail-slap the orb spider.
You kill the orb spider!
The Council accepts your kill.
The orb of destruction hits a stone wall.
The orb spider begins to weave its threads into a brightly glowing ball.
The orb spider weaves a glowing orb of energy.
An orb of destruction comes into view.
The wavering orb of destruction hits you!!
* * * LOW HITPOINT WARNING * * *
The orb spider spins a strand of pure energy.
A redback comes into view.
You are too injured to fight recklessly!
You are too injured to fight recklessly!
You hit the orb spider but do no damage.
The orb spider weaves a glowing orb of energy.
An orb of destruction comes into view.
The orb of destruction hits you!!!
You die...

.#^#^. ####.^...#
##.#.....^###
##^.#s....^#~##
####..^#......#^.###
#.....^#^^...^#....###
#......#~.....#.......
#~...@○#†s^...#......^
#.....○#......#^......
##^....s.....^......).
#^^...s.~....~^......
##....^#.^....#.....^
#...)^#~.....#......
#^....#...^.^#^.....
#.....#.~...^#^....~
##.^.~##....^#^.....


You could see an orb spider and a redback.

Vanquished Creatures
  Nikola (Swamp:4)
  Arachne (Spider:2)
  An azure jelly (Swamp:4)
  A ghost moth (Spider:1)
  4 bunyips
  2 eleionomae (Swamp:3)
  2 spark wasps
  8 entropy weavers
  A shambling mangrove (Swamp:3)
  Josephine (Lair:4)
  3 ice dragons (Swamp:4)
  A vault guard (D:14)
  10 hydras
  2 jorogumos
  4 centaur warriors
  A ghost crab (Swamp:2)
  A merfolk avatar (Lair:5)
  4 boulder beetles
  7 radroaches
  9 alligators
  3 tengu warriors
  4 death yaks (Lair:5)
  A death knight (D:14)
  7 two-headed ogres
  7 demonic crawlers
  Urug (Lair:2)
  Sonja (Lair:2)
  5 skysharks
  4 pharaoh ants
  4 goliath frogs
  3 spriggan druids
  4 sun moths
  An arcanist (D:12)
  A bog body (Swamp:2)
  A flayed ghost (D:14)
  6 swamp dragons
  9 orb spiders
  7 steelbarb worms
  A deep elf archer (D:13)
  Pikel (D:6)
  A deep elf pyromancer (D:12)
  A lindwurm (Lair:4)
  A harpy (Lair:5)
  11 elephants
  Maurice (D:10)
  6 ugly things
  2 cyclopes (D:11)
  18 wolf spiders
  5 manticores
  5 will-o-the-wisps
  3 meliai (Spider:2)
  2 moths of wrath (Spider:3)
  10 black mambas
  3 gargoyles
  7 torpor snails
  5 unseen horrors
  15 cane toads
  2 kobold demonologists (D:11)
  6 rime drakes
  5 freezing wraiths
  9 komodo dragons
  A bloated husk (Swamp:3)
  4 trolls
  3 polar bears
  4 tyrant leeches
  A queen bee (D:10)
  Grinder (D:6)
  4 wind drakes (Lair:5)
  11 hornets
  33 tarantellas
  11 blink frogs
  15 dream sheep
  2 snapping turtles (Lair:5)
  23 culicivoras
  37 jumping spiders
  10 spriggans
  9 wraiths
  3 shadows
  11 slime creatures
  10 wyverns
  4 wargs
  A vampire (D:11)
  25 yaks
  49 redbacks
  5 swamp worm simulacra (Swamp:4)
  2 steam dragons
  16 vampire mosquitoes
  15 swamp worms
  16 water moccasins
  5 acid dragons
  13 hydra simulacra (Swamp:4)
  4 black bears
  A sky beast (D:7)
  5 ogres
  10 orc warriors
  A laughing skull (D:11)
  A swamp drake (Swamp:1)
  5 centaurs
  13 wolves
  2 phantoms
  A weeping skull (Ossuary)
  A lemure (D:5)
  14 bullfrogs
  4 scorpions
  5 kobold brigands
  4 gnoll sergeants
  3 water moccasin zombies (Ossuary)
  A wight (D:8)
  8 electric eels
  29 killer bees
  2 howler monkeys (D:11)
  A lava snake (D:7)
  4 sleepcaps
  A bombardier beetle (D:7)
  6 jellies
  2 spectral scorpions (Ossuary)
  10 orc priests
  Crazy Yiuf (D:4)
  Jessica (D:3)
  8 iguanas
  19 orc wizards
  5 hell rats (Lair:5)
  A bullfrog simulacrum (Ossuary)
  3 mummies
  Robin (D:1)
  18 gnolls
  4 adders
  3 white imps
  3 swamp drake simulacra (Swamp:4)
  6 ufetubi
  4 adder zombies (Ossuary)
  A dart slug (D:4)
  2 ribbon worms
  52 orcs
  3 endoplasms
  2 giant cockroaches (D:2)
  7 gnoll zombies (Ossuary)
  12 goblins
  6 hobgoblins
  3 jackals (D:1)
  4 quokkas
  6 ball pythons
  3 bats
  4 frilled lizards
  4 jackal zombies (Ossuary)
  18 kobolds
  2 orc zombies (Ossuary)
  4 rats
  A butterfly (Lair:1)
946 creatures vanquished.

Vanquished Creatures (collateral kills)
  3 dream sheep (Lair:4)
  A jelly (Lair:5)
4 creatures vanquished.

Vanquished Creatures (others)
  An angel (D:5)
  A hydra (Swamp:1)
  An orc knight (D:13)
  A hornet (Swamp:1)
  2 bloated husks (Swamp:1)
  A dream sheep (Lair:5)
  A centaur simulacrum (D:10)
  A redback (Spider:4)
  2 vampire mosquitoes (Swamp:1)
  A swamp worm (Swamp:2)
  16 foxfires
28 creatures vanquished.

Grand Total: 978 creatures vanquished

Notes
Turn   | Place    | Note
-------+----------+-------------------------------------------
     0 | D:1      | seren the Demonspawn Shapeshifter began the quest for the
                  | Orb.
     0 | D:1      | Reached XP level 1. HP: 15/15 MP: 1/1
   347 | D:1      | Gained mutation: You are partially covered in sharp spines.
                  | [demonic ancestry]
   347 | D:1      | Reached XP level 2. HP: 18/21 MP: 2/2
   822 | D:2      | Discovered your monstrous ancestry.
   822 | D:2      | Gained mutation: You have a pair of small antennae on your
                  | head. [demonic ancestry]
   822 | D:2      | Reached XP level 3. HP: 21/26 MP: 3/3
   947 | D:2      | Identified the +0 leather armour "Tosuc" {rPois rF+ rC+
                  | Str+3}
   995 | D:2      | Noticed Robin
  1015 | D:1      | Killed Robin
  1016 | D:1      | Reached skill level 3 in Shapeshifting
  1217 | D:2      | Gained mutation: You may rarely emit foul miasma when
                  | damaged in melee. [demonic ancestry]
  1217 | D:2      | Reached XP level 4. HP: 33/33 MP: 4/4
  1959 | D:3      | Found Kyfogg's Distillery.
  1967 | D:3      | Bought a potion of curing for 36 gold pieces
  1967 | D:3      | Bought a potion of heal wounds for 60 gold pieces
  1967 | D:3      | Bought a potion of might for 48 gold pieces
  1967 | D:3      | Bought a potion of lignification for 36 gold pieces
  2143 | D:3      | Gained mutation: You have sharp fingernails. [demonic
                  | ancestry]
  2143 | D:3      | Reached XP level 5. HP: 36/38 MP: 5/5
  2399 | D:3      | Noticed Jessica
  2694 | D:4      | Found a runed translucent door.
  2695 | D:4      | Noticed Crazy Yiuf
  2729 | D:4      | Reached skill level 1 in Evocations
  3115 | D:4      | Gained mutation: You sometimes emit foul miasma when
                  | damaged in melee. [demonic ancestry]
  3115 | D:4      | Reached XP level 6. HP: 36/46 MP: 6/6
  3501 | D:5      | Entered Level 5 of the Dungeon
  3503 | D:5      | Found a shadowy altar of Dithmenos.
  3636 | D:5      | Found a sand-covered staircase.
  3650 | Ossuary  | Entered an ossuary
  3717 | Ossuary  | Reached skill level 4 in Shapeshifting
  3728 | Ossuary  | Gained mutation: You have a pair of antennae on your head.
                  | [demonic ancestry]
  3728 | Ossuary  | Reached XP level 7. HP: 51/52 MP: 7/7
  3830 | Ossuary  | Reached skill level 5 in Unarmed Combat
  3973 | D:5      | Found a shimmering altar of Xom.
  3973 | D:5      | Noticed an angel
  4020 | D:5      | Killed an angel
  4199 | D:5      | Found a burning altar of Makhleb.
  4201 | D:5      | Found a snail-covered altar of Cheibriados.
  4202 | D:5      | Found a radiant altar of Vehumet.
  4282 | D:5      | Gained mutation: You have a small tail. [demonic ancestry]
  4282 | D:5      | Reached XP level 8. HP: 41/60 MP: 8/8
  4326 | D:5      | Reached skill level 5 in Shapeshifting
  4793 | D:5      | Found a basalt altar of Yredelemnul.
  4973 | D:6      | Found a hide-covered altar of Uskayaw.
  4976 | D:6      | Noticed a +0 hand axe
  4976 | D:6      | Noticed a +0 hand axe
  5049 | D:6      | Noticed Pikel
  5288 | D:6      | Noticed Grinder
  5305 | D:6      | Paralysed by Grinder for 5 turns
  5507 | D:6      | Killed Pikel
  5508 | D:6      | Reached skill level 6 in Shapeshifting
  5508 | D:6      | Reached XP level 9. HP: 47/67 MP: 9/9
  5700 | D:6      | Killed Grinder
  5701 | D:6      | Reached skill level 5 in Fighting
  6014 | D:7      | Found a staircase to the Ecumenical Temple.
  6023 | Temple   | Entered the Ecumenical Temple
  6039 | Temple   | Became a worshipper of the Wu Jian Council
  6320 | D:7      | Reached skill level 5 in Dodging
  6381 | D:7      | Reached skill level 1 in Armour
  6709 | D:7      | Found Fonkosmestraa's Weapon Boutique.
  6783 | D:7      | Reached skill level 7 in Shapeshifting
  7065 | D:7      | Bought 4 darts of dispersal for 43 gold pieces
  7138 | D:7      | Reached * piety under Wu Jian
  7191 | D:8      | Noticed an unseen horror
  7194 | D:8      | Killed an unseen horror
  7199 | D:8      | Noticed a tengu warrior
  7200 | D:8      | Gained mutation: You have a tail ending in a sharp stinger.
                  | [demonic ancestry]
  7200 | D:8      | Reached XP level 10. HP: 41/76 MP: 10/10
  7330 | D:7      | Killed a tengu warrior
  7586 | D:8      | Reached skill level 8 in Shapeshifting
  7686 | D:8      | Learned a level 1 spell: Apportation
  7689 | D:8      | Learned a level 2 spell: Ensorcelled Hibernation
  7823 | D:8      | Reached ** piety under Wu Jian
  7979 | D:8      | Found a staircase to the Lair.
  8261 | D:8      | Found a bloodstained altar of Trog.
  8765 | D:9      | Noticed a two-headed ogre
  8776 | D:9      | Killed a two-headed ogre
  8820 | D:9      | Noticed a two-headed ogre
  8829 | D:9      | Killed a two-headed ogre
  8830 | D:9      | Reached XP level 11. HP: 57/84 MP: 11/11
  9010 | D:9      | Noticed a two-headed ogre
  9018 | D:9      | Killed a two-headed ogre
  9168 | D:10     | Entered Level 10 of the Dungeon
  9168 | D:10     | Noticed Maurice
  9252 | D:9      | Reached *** piety under Wu Jian
  9365 | D:10     | Killed Maurice
  9547 | D:10     | Reached skill level 9 in Shapeshifting
  9550 | D:10     | Found a transporter.
  9560 | D:10     | Found a transporter.
  9560 | D:10     | Noticed a boulder beetle
  9566 | D:10     | Noticed a yaktaur captain
  9566 | D:10     | Noticed a tengu warrior
  9568 | D:10     | Found a hazy altar of Hepliaklqana.
  9572 | D:10     | Found a sparkling altar of Nemelex Xobeh.
 10379 | D:11     | Reached **** piety under Wu Jian
 10734 | D:11     | Noticed a two-headed ogre
 10738 | D:11     | Killed a two-headed ogre
 10846 | D:11     | Reached XP level 12. HP: 72/94 MP: 12/12
 10912 | D:11     | Noticed a centaur warrior
 10921 | D:11     | Killed a centaur warrior
 10922 | D:11     | Reached skill level 10 in Shapeshifting
 10927 | D:11     | Noticed a two-headed ogre
 11141 | D:11     | Reached skill level 5 in Evocations
 11169 | D:11     | Found a staircase to the Orcish Mines.
 11228 | D:11     | Noticed a boulder beetle
 11300 | D:10     | Killed a boulder beetle
 11458 | D:11     | Noticed a two-headed ogre
 11470 | D:11     | Killed a two-headed ogre
 11554 | D:11     | Killed a two-headed ogre
 11621 | D:11     | Noticed a centaur warrior
 11646 | D:11     | Killed a centaur warrior
 11655 | D:11     | Got the Compendium of Dynamic Ectoplasm
 12128 | D:3      | Killed Jessica
 12245 | D:4      | Killed Crazy Yiuf
 12355 | Lair:1   | Entered Level 1 of the Lair of Beasts
 12559 | Lair:1   | Reached ***** piety under Wu Jian
 12931 | Lair:1   | Reached skill level 10 in Fighting
 12937 | Lair:1   | Reached skill level 10 in Unarmed Combat
 13134 | Lair:1   | Gained mutation: You frequently emit foul miasma when
                  | damaged in melee. [demonic ancestry]
 13134 | Lair:1   | Reached XP level 13. HP: 67/103 MP: 13/13
 13489 | Lair:2   | Found a gate leading to a gauntlet.
 13515 | Gauntlet | Entered a Gauntlet
 13515 | Gauntlet | Found a transporter.
 13515 | Gauntlet | Found a transporter.
 13555 | Gauntlet | Found a transporter.
 13571 | Gauntlet | Found a transporter.
 13581 | Gauntlet | Found a transporter.
 13591 | Gauntlet | Found a transporter.
 13607 | Gauntlet | Found a transporter.
 13613 | Gauntlet | Found a transporter.
 13627 | Gauntlet | Found a transporter.
 13633 | Gauntlet | Found a transporter.
 13637 | Gauntlet | Found a transporter.
 13638 | Gauntlet | Found a transporter.
 13948 | Lair:2   | Noticed Sonja
 13954 | Lair:2   | Killed Sonja
 14361 | Lair:2   | Noticed Urug
 14370 | Lair:2   | Killed Urug
 14371 | Lair:2   | Reached skill level 11 in Shapeshifting
 14701 | Lair:3   | Found a hole to the Spider Nest.
 15027 | Lair:3   | Reached skill level 1 in Hexes
 15035 | Lair:3   | Reached skill level 1 in Shields
 15035 | Lair:3   | Reached skill level 1 in Spellcasting
 15176 | Lair:3   | Found a staircase to the Swamp.
 15179 | Lair:3   | You fall into a shaft and drop 2 floors!
 15179 | Lair:5   | Entered Level 5 of the Lair of Beasts
 15786 | Lair:5   | Found a transporter.
 15794 | Lair:5   | Found a transporter.
 15800 | Lair:5   | Noticed Lurud's ghost (journeyman DsIE)
 16016 | Lair:5   | Found a staircase to the Slime Pits.
 16184 | Lair:4   | Found an iron altar of Okawaru.
 16348 | Lair:4   | Reached skill level 10 in Dodging
 16623 | Lair:4   | Noticed Josephine
 16630 | Lair:4   | Killed Josephine
 16727 | Lair:3   | Gained mutation: You are mostly covered in sharp spines.
                  | [demonic ancestry]
 16727 | Lair:3   | Reached XP level 14. HP: 111/111 MP: 17/17
 16900 | Lair:3   | Reached ****** piety under Wu Jian
 17566 | Lair:3   | Upgraded the game from 0.32-a0-43-g058985b245 to
                  | 0.32-a0-85-g672eff3212
 19643 | Orc:1    | Entered Level 1 of the Orcish Mines
 19857 | Orc:2    | Entered Level 2 of the Orcish Mines
 20104 | Orc:2    | Noticed Rupert
 20745 | D:12     | Reached skill level 5 in Shields
 21435 | D:12     | Reached skill level 12 in Shapeshifting
 21767 | D:13     | Found a runed translucent gate.
 21767 | D:13     | Found a runed translucent gate.
 21767 | D:13     | Found a runed translucent gate.
 21769 | D:13     | Noticed DubiousMove's ghost (journeyman HOMo)
 21770 | D:13     | Found an iron altar of Okawaru.
 22136 | D:14     | Found a transporter.
 22300 | D:14     | Noticed Qadyel's ghost (adept TeAE)
 22309 | D:14     | Noticed an orc warlord
 22310 | D:14     | Found a bloodstained altar of Trog.
 22508 | D:13     | Gained mutation: You have very sharp fingernails. [demonic
                  | ancestry]
 22508 | D:13     | Reached XP level 15. HP: 117/120 MP: 18/18
 22562 | D:13     | Identified the +5 buckler of Resourcefulness {Int+3 Dex+3}
 22921 | D:3      | Bought 2 potions of invisibility for 192 gold pieces
 23282 | Swamp:1  | Entered Level 1 of the Swamp
 23698 | Swamp:1  | Found a runed translucent gate.
 23702 | Swamp:1  | Found a runed translucent gate.
 23703 | Swamp:1  | Found a runed translucent gate.
 23760 | Swamp:1  | Noticed Upitte's ghost (adept OnHs)
 24223 | Swamp:2  | Identified the +9 dagger of Qaolato {flame, +Blink rN+++
                  | Int-2 Dex+4}
 24413 | Swamp:2  | Identified the +0 ring mail of Pessimism {Str+2 Dex+3
                  | Slay+5}
 25923 | Swamp:4  | Entered Level 4 of the Swamp
 26251 | Swamp:4  | Noticed Tenar's ghost (adept DsCA)
 26266 | Swamp:4  | Noticed a thorn hunter
 26270 | Swamp:4  | Noticed a tentacled monstrosity
 26285 | Swamp:4  | Found a runed translucent gate.
 26285 | Swamp:4  | Found a runed translucent gate.
 26286 | Swamp:4  | Found a runed translucent gate.
 26435 | Swamp:4  | Reached skill level 13 in Shapeshifting
 26570 | Swamp:4  | Noticed Nikola
 26589 | Swamp:4  | Killed Nikola
 27073 | Swamp:4  | Gained mutation: You have a pair of large antennae on your
                  | head. (SInv) [demonic ancestry]
 27073 | Swamp:4  | Reached XP level 16. HP: 122/129 MP: 19/19
 27609 | Swamp:4  | Got a decaying rune of Zot
 28038 | Spider:1 | Entered Level 1 of the Spider Nest
 28289 | Lair:3   | Upgraded the game from 0.32-a0-85-g672eff3212 to
                  | 0.32-a0-119-g2e8054a333
 28495 | Lair:3   | Gained mutation: You are frail. (-10% HP) [mutagenic glow]
 28522 | Lair:3   | Lost mutation: You are frail. (-10% HP) [potion of
                  | mutation]
 28522 | Lair:3   | Gained mutation: Your flesh is cold resistant. (rC+)
                  | [potion of mutation]
 28522 | Lair:3   | Gained mutation: Your magical capacity is low. (-10% MP)
                  | [potion of mutation]
 28522 | Lair:3   | Gained mutation: You are frail. (-10% HP) [potion of
                  | mutation]
 28523 | Lair:3   | Lost mutation: Your flesh is cold resistant. (rC+) [potion
                  | of mutation]
 28523 | Lair:3   | Lost mutation: You are frail. (-10% HP) [potion of
                  | mutation]
 28523 | Lair:3   | Lost mutation: Your magical capacity is low. (-10% MP)
                  | [potion of mutation]
 28523 | Lair:3   | Gained mutation: You do not regenerate when monsters are
                  | visible. [potion of mutation]
 28523 | Lair:3   | Gained mutation: You are robust. (+10% HP) [potion of
                  | mutation]
 29148 | Spider:1 | Identified the +0 leather armour of the Barnacle {Str+5}
 30588 | Spider:2 | Reached skill level 14 in Shapeshifting
 31008 | Spider:2 | Reached skill level 5 in Armour
 31193 | Spider:2 | Noticed Arachne
 31216 | Spider:2 | Killed Arachne
 31347 | Spider:2 | Reached XP level 17. HP: 150/150 MP: 20/20
 32050 | Spider:3 | Reached skill level 10 in Shields
 33061 | Spider:4 | Entered Level 4 of the Spider Nest
 33198 | Spider:4 | Identified the +2 robe of the First Snow {Rampage rElec
                  | Will- Str+3}
 33872 | Spider:4 | Blown up by an orb spider

Illustrated notes

Levels and vault maps discovered:
D:1:      nzn_arrival_settlement, layout_loops_cross
D:2:      layout_basic, wander_ebering_terrifying_dragon_lair, uniq_robin
D:3:      layout_loops_corners, serial_shops, shop, uniq_jessica
D:4:      layout_basic, minmay_misc_feat_tower, minmay_misc_feat_rows,
          serial_library_hellmonk_semicircle, corexii_leaking_fountain,
          uniq_crazy_yiuf_cottage
D:5:      layout_cave_pods, grunt_temple_overflow_order_and_chaos_1,
          mainiacjoe_overflow_paths, kennysheep_little_box,
          mainiacjoe_overflow_alcove_3, serial_rivers,
          chequers_serial_rivers_micro_b, chequers_serial_rivers_room_a,
          chequers_serial_rivers_room_b, chequers_serial_rivers_micro_e,
          chequers_serial_rivers_micro_c, chequers_serial_rivers_micro_e,
          gup_ossuary_entry_pyramid
D:6:      layout_basic, dancing_weapons_uskayaw, uniq_pikel, uniq_grinder
D:7:      layout_gridville, minmay_temple_entry_mini_moons, serial_shops,
          nicolae_inconvenience_store
D:8:      layout_rooms, trog_book, erik_lair_orcish_takeover,
          nicolae_doodle_vault
D:9:      layout_loops_cross, serial_bayou, serial_bayou_lagoon_b,
          serial_bayou_pond_c, serial_bayou_pond_e, serial_bayou_pond_e
D:10:     layout_roguey [special_room_bee], gammafunk_temple_overflow_arena,
          serial_bayou, serial_bayou_pond_d, serial_bayou_pond_a,
          serial_bayou_pond_e, serial_bayou_shore_a, serial_bayou_ford_a,
          uniq_maurice
D:11:     hangedman_cross_cluster, layout_cave_pools, david_orc_3
D:12:     layout_roguey, grunt_ministairs_1,
          serial_library_regret_index_split_case, minmay_misc_feat_nine_boxes,
          amcnicky_mini_rare_corridor_liquid
D:13:     layout_loops_ring, gammafunk_ghost_fury_of_okawaru, chequers_big_river
D:14:     layout_loops_ring, david_vaults_5, minmay_misc_feat_rugged,
          special_room [special_room_mythical_zoo],
          gammafunk_ghost_wrathful_warriors
Temple:   dpeg_chambers_temple
Lair:1:   layout_concentric_octagons, lemuel_fruit_fields
Lair:2:   layout_loops_ring, gauntlet_entry_generic,
          chequers_serial_rivers_room_b, uniq_sonja, uniq_urug
Lair:3:   nzn_winding_woodlands_stair_trap [nzn_winding_woodlands_5x15_crooked,
          nzn_winding_woodlands_5x15_garden, nzn_winding_woodlands_5x15_twine,
          nzn_winding_woodlands_15x15_killbox, nzn_winding_woodlands_5x15_pool,
          nzn_winding_woodlands_5x15_concentric,
          nzn_winding_woodlands_5x15_sidewinder], layout_small_grid, swamp_mist,
          nicolae_spider_entry_orb_guardian, infiniplex_staircase_pool
Lair:4:   layout_regular_city, basic_altar, nicolae_volcano_entry_vermiform,
          dpeg_stationary_puzzle, uniq_josephine
Lair:5:   gammafunk_lair_ancient_temple, layout_regular_city,
          nicolae_slime_entry_field_trip, gammafunk_ghost_berserking_beasts,
          grunt_megastairs_1
Swamp:1:  layout_basic_swamp, ebering_ghost_rock_garden,
          evilmike_swamp_ruin_house_4
Swamp:2:  layout_basic_swamp, nicolae_swamp_little_swirl
Swamp:3:  layout_basic_swamp, nicolae_swamp_trees_clearing
Swamp:4:  swamp_icy, layout_basic_swamp, gammafunk_ghost_split, uniq_nikola
Spider:1: layout_spider_delve, nicolae_spider_solar_radiation
Spider:2: layout_cave_pods, uniq_arachne
Spider:3: layout_spider_delve
Spider:4: grunt_spider_rune_parallel
Orc:1:    layout_caves
Orc:2:    grunt_orc_cross, layout_caves, uniq_rupert

Skill      XL: |  1  2  3  4  5  6  7  8  9 10 11 12 13 14 15 16 17 |
---------------+----------------------------------------------------+-----
Dodging        | 2 3 4 5 7 8 9 10 11 12 | 12.9
Unarmed Combat | 3 4 5 6 8 9 10 11 12 13 | 13.0
Shapeshifting  | 3 4 6 7 8 9 10 11 12 13 14 | 14.7
Fighting       | 2 3 4 5 7 8 10 12 13 | 13.7
Evocations     | 1 2 4 6 7 |  7.8
Armour         | 2 3 4 5 6 |  6.1
Hexes          | 2 |  2.0
Shields        | 3 5 7 9 10 | 10.0
Spellcasting   | 2 |  2.0

Action                     |  1- 3 |  4- 6 |  7- 9 | 10-12 | 13-15 | 16-18 || total
---------------------------+-------+-------+-------+-------+-------+-------++-------
  Melee: Unarmed           |    75 |   157 |   267 |   581 |  1369 |  1132 ||  3581
         Punch             |       |     1 |     9 |     9 |     4 |       ||    23
         Tailslap          |       |       |    31 |   111 |   318 |   229 ||   689
         Maw               |       |       |       |       |    59 |       ||    59
         Dagger            |       |       |       |       |     5 |       ||     5
         Constrict         |       |       |       |       |       |    15 ||    15
  Throw: Dart              |       |       |       |       |       |     1 ||     1
   Cast: Ensorcelled Hiber |       |       |       |       |       |     4 ||     4
 Invoke: Heavenly Storm    |       |       |       |       |     1 |     2 ||     3
         Serpent's Lash    |       |       |       |       |     1 |     5 ||     6
Ability: Begin Untransform |     1 |     1 |       |     1 |    10 |     2 ||    15
         Lunge             |       |       |    12 |    51 |    84 |    68 ||   215
         Whirlwind         |       |       |       |    26 |   176 |   174 ||   376
         Wall Jump         |       |       |       |     1 |       |       ||     1
  Evoke: Wand              |       |     4 |     7 |    27 |    23 |    33 ||    94
    Use: Scroll            |       |     2 |     2 |     8 |    22 |     5 ||    39
         Potion            |       |       |     1 |     2 |     5 |    11 ||    19
   Stab: Sleeping          |     2 |     1 |       |       |       |       ||     3
         Invisible         |       |       |     2 |     7 |       |     1 ||    10
         Distracted        |       |       |       |     1 |       |     1 ||     2
 Armour: Animal skin       |    16 |       |       |       |       |       ||    16
         Leather armour    |    11 |    70 |   140 |   124 |   227 |   442 ||  1014
         Skin              |       |       |       |   112 |   336 |    65 ||   513
         Ring mail         |       |       |       |       |       |    48 ||    48
  Dodge: Dodged            |    41 |    68 |   147 |   457 |   996 |   793 ||  2502
  Block: Buckler           |       |       |       |       |   219 |   643 ||   862
   Form: Beast             |     1 |       |       |     3 |     2 |       ||     6
         Flux              |       |       |       |     4 |     5 |     1 ||    10
         Maw               |       |       |       |     2 |     5 |     1 ||     8
         Death             |       |       |       |       |     1 |       ||     1
                           |       |       |       |       |       |     2 ||     2
         Serpent           |       |       |       |       |       |     2 ||     2

Table legend: (Time is in decaauts)
 A = Elapsed time spent in this place.
 B = Non-inter-level travel time spent in this place.
 C = Inter-level travel time spent in this place.
 D = Time resting spent in this place.
 E = Time spent auto-exploring this place.
 F = Levels seen in this place.
 G = Mean time per level.
                   A        B        C        D        E       F      G
               +--------+--------+--------+--------+--------+-----+--------+
         Total |  33827 |  30441 |   3386 |   3978 |  12279 |  32 | 1057.1 |
       Dungeon |  15213 |  13160 |   2053 |   1126 |   6661 |  14 | 1086.6 |
        Temple |     29 |     29 |      0 |      0 |      0 |   1 |   29.0 |
          Lair |   7876 |   7125 |    751 |    940 |   2629 |   5 | 1575.2 |
         Swamp |   4426 |   4065 |    361 |    757 |   1214 |   4 | 1106.5 |
   Spider Nest |   5356 |   5173 |    183 |   1097 |   1589 |   4 | 1339.0 |
  Orcish Mines |    483 |    446 |     37 |     28 |     80 |   2 |  241.5 |
       Ossuary |    228 |    228 |      0 |     29 |      0 |   1 |  228.0 |
      Gauntlet |    213 |    213 |      0 |      0 |    106 |   1 |  213.0 |
               +--------+--------+--------+--------+--------+-----+--------+

Top non-repeatable levels by time:
  Lair:3: 2417 daAuts
Spider:2: 2052 daAuts
  Lair:5: 1881 daAuts
     D:7: 1577 daAuts
Spider:3: 1535 daAuts
 Swamp:4: 1461 daAuts
    D:10: 1461 daAuts
    D:11: 1348 daAuts
     D:4: 1341 daAuts
     D:5: 1340 daAuts
  Lair:4: 1303 daAuts
  Lair:1: 1302 daAuts
Spider:1: 1262 daAuts
 Swamp:2: 1201 daAuts
     D:3: 1174 daAuts
